EVO
WICHITA STATE UNIVERSITY SHOCKERS @ CLEMSON UNIVERSITY TIGERS
07/11/2048
 
TOP OF THE 1ST
Wichita State University Shockers batting - Pitching for Clemson University Tigers : RHP Luis Yanez
Pitching: RHP Luis Yanez
Batting: RHB Kyle Gill 0-0: Ball
1-0: Swinging Strike
1-1: SINGLE (Flyball, 8LS, EV 86.2 MPH)
Batting: SHB Peter Faggard 0-0: Ball
1-0: SINGLE (Groundball, 6, EV 94.4 MPH)
Kyle Gill to second
Batting: LHB Carlos Flores 0-0: Called Strike
0-1: Called Strike
0-2: Strikes out looking
Batting: RHB Jason Adelstein 0-0: Swinging Strike
0-1: Swinging Strike
0-2: Strikes out swinging
Batting: RHB Lucio Baratta 0-0: Ball
1-0: Called Strike
1-1: Called Strike
1-2: Strikes out swinging
Top of the 1st over - 0 runs, 2 hits, 0 errors, 2 left on base; Wichita State University 0 - Clemson University 0
BOTTOM OF THE 1ST
Clemson University Tigers batting - Pitching for Wichita State University Shockers : LHP Joe Seaborn
Pitching: LHP Joe Seaborn
Batting: LHB Mario Nunez 0-0: Called Strike
0-1: Ball
1-1: Ball
2-1: Fly out, F9 (Flyball, 9D, EV 103.1 MPH)
Batting: RHB Josh LeSage 0-0: Foul Ball, location: 2F
0-1: Ball
1-1: SINGLE (Groundball, 6MS, EV 74.4 MPH) (infield hit)
Batting: RHB Marco Maggs 0-0: Ball
1-0: Foul Ball, location: 2F
1-1: Fielders Choice at 2nd, 3-6 (Groundball, 23, EV 89.4 MPH)
Batting: RHB David Rhodes 0-0: Ball
1-0: Fielders Choice at 2nd, 6-4 (Groundball, 6, EV 94.4 MPH)
Bottom of the 1st over - 0 runs, 1 hit, 0 errors, 1 left on base; Wichita State University 0 - Clemson University 0
TOP OF THE 2ND
Wichita State University Shockers batting - Pitching for Clemson University Tigers : RHP Luis Yanez
Batting: LHB Troy Davies 0-0: Called Strike
0-1: Called Strike
0-2: Ball
1-2: Strikes out swinging
Batting: LHB Kyle Lee 0-0: DOUBLE (Line Drive, 8LD, EV 112.5 MPH)
Batting: RHB Jordan Carr 0-0: Foul Ball, location: 2F
0-1: Fly out, F3 (Popup, 23F, EV 81.9 MPH)
Batting: SHB Mike Chafe 0-0: Ball
1-0: Called Strike
1-1: Ball
2-1: SINGLE (Groundball, 34D, EV 103.1 MPH)
Kyle Lee to third
Runner from 3rd tries for Home, SAFE, throw by RF to home
Batting: RHB Kyle Gill 0-0: Called Strike
0-1: Ball
1-1: Ground out 4-3 (Groundball, 4, EV 95.0 MPH)
Top of the 2nd over - 1 run, 2 hits, 0 errors, 1 left on base; Wichita State University 1 - Clemson University 0
BOTTOM OF THE 2ND
Clemson University Tigers batting - Pitching for Wichita State University Shockers : LHP Joe Seaborn
Batting: LHB Steve Gates 0-0: Foul Ball, location: 2F
0-1: Ball
1-1: Foul Ball, location: 2F
1-2: Strikes out swinging
Batting: RHB Jason Duncan 0-0: Ball
1-0: Ball
2-0: Ball
3-0: Called Strike
3-1: DOUBLE (Line Drive, 5D, EV 98.8 MPH)
Batting: LHB George Jedinak 0-0: Ball
1-0: Ball
2-0: Called Strike
2-1: Swinging Strike
2-2: Foul Ball, location: 2F
2-2: SINGLE (Groundball, 6MD, EV 106.9 MPH)
Jason Duncan to third
Runner from 3rd tries for Home, SAFE, throw by CF to home
Batting: RHB Jose Rolon 0-0: Swinging Strike
0-1: Reached on error, E5 (Groundball, 5L, EV 83.1 MPH)
George Jedinak to third
Batting: RHB Willis Suarez 0-0: Ground out 1-3 (Groundball, 13S, EV 70.0 MPH)
Batting: LHB Mario Nunez 0-0: Ground out 6-3 (Groundball, 6, EV 103.8 MPH)
Bottom of the 2nd over - 1 run, 2 hits, 1 error, 2 left on base; Wichita State University 1 - Clemson University 1
TOP OF THE 3RD
Wichita State University Shockers batting - Pitching for Clemson University Tigers : RHP Luis Yanez
Batting: SHB Peter Faggard 0-0: Ball
1-0: Foul Ball, location: 2F
1-1: Ball
2-1: Fly out, F6 (Popup, P, EV 81.9 MPH)
Batting: LHB Carlos Flores 0-0: Ball
1-0: Ball
2-0: Foul Ball, location: 2F
2-1: Ball
3-1: SINGLE (Line Drive, 9S, EV 86.9 MPH)
Batting: RHB Jason Adelstein 0-0: Called Strike
0-1: Fly out, F7 (Flyball, 7D, EV 105.0 MPH)
Batting: RHB Lucio Baratta 0-0: Ball
1-0: Ball
2-0: Called Strike
2-1: 2-RUN HOME RUN (Flyball, 9D, EV 99.4 MPH), Distance : 385 ft
Batting: LHB Troy Davies 0-0: Ball
1-0: Ball
2-0: Foul Ball, location: 2F
2-1: Called Strike
2-2: Strikes out swinging
Top of the 3rd over - 2 runs, 2 hits, 0 errors, 0 left on base; Wichita State University 3 - Clemson University 1
BOTTOM OF THE 3RD
Clemson University Tigers batting - Pitching for Wichita State University Shockers : LHP Joe Seaborn
Batting: RHB Josh LeSage 0-0: Swinging Strike
0-1: Ball
1-1: Ball
2-1: Swinging Strike
2-2: Foul Ball, location: 2F
2-2: Foul Ball, location: 2F
2-2: Strikes out looking
Batting: RHB Marco Maggs 0-0: Ball
1-0: Ball
2-0: Foul Ball, location: 2F
2-1: Fly out, F8 (Flyball, 8RD, EV 106.2 MPH)
Batting: RHB David Rhodes 0-0: Called Strike
0-1: Ball
1-1: Foul Ball, location: 2F
1-2: Ball
2-2: Ball
3-2: Foul Ball, location: 2F
3-2: SINGLE (Groundball, 56D, EV 102.5 MPH)
Pitching: RHP Keith Wilder
Batting: LHB Steve Gates 0-0: Ground out 5-3 (Groundball, 5S, EV 86.9 MPH)
Bottom of the 3rd over - 0 runs, 1 hit, 0 errors, 1 left on base; Wichita State University 3 - Clemson University 1
TOP OF THE 4TH
Wichita State University Shockers batting - Pitching for Clemson University Tigers : RHP Luis Yanez
Pitching: RHP Joe Maid
Batting: LHB Kyle Lee 0-0: Ball
1-0: Swinging Strike
1-1: Called Strike
1-2: Foul Ball, location: 2F
1-2: Foul Ball, location: 2F
1-2: Fly out, F9 (Flyball, 9D, EV 108.8 MPH)
Batting: RHB Jordan Carr 0-0: Ball
1-0: Swinging Strike
1-1: Fly out, F9 (Flyball, 9D, EV 100.0 MPH)
Batting: SHB Mike Chafe 0-0: Ball
1-0: Ball
2-0: Swinging Strike
2-1: Foul Ball, location: 2F
2-2: Strikes out swinging
Top of the 4th over - 0 runs, 0 hits, 0 errors, 0 left on base; Wichita State University 3 - Clemson University 1
BOTTOM OF THE 4TH
Clemson University Tigers batting - Pitching for Wichita State University Shockers : RHP Keith Wilder
Pitching: RHP Jose del Castillo
Batting: RHB Jason Duncan 0-0: Ball
1-0: Foul Ball, location: 2F
1-1: Ball
2-1: Ball
3-1: Base on Balls
Batting: LHB George Jedinak 0-0: Ball
1-0: Ball
2-0: Swinging Strike
2-1: Swinging Strike
2-2: Strikes out swinging
Batting: RHB Jose Rolon 0-0: Called Strike
Jason Duncan is caught stealing 2nd base 2-4
0-1: Swinging Strike
0-2: Strikes out swinging
Bottom of the 4th over - 0 runs, 0 hits, 0 errors, 0 left on base; Wichita State University 3 - Clemson University 1
TOP OF THE 5TH
Wichita State University Shockers batting - Pitching for Clemson University Tigers : RHP Joe Maid
Pinch Hitting: RHB Byron Whitehead 0-0: Ball
1-0: Foul Ball, location: 2F
1-1: Foul Ball, location: 2F
1-2: Strikes out looking
Batting: SHB Peter Faggard 0-0: Ball
1-0: Foul Ball, location: 2F
1-1: Ball
2-1: SINGLE (Line Drive, 8LS, EV 91.2 MPH)
Pinch Hitting: RHB Bryan Palmer 0-0: Foul Ball, location: 2F
0-1: Ball
1-1: Ball
2-1: Called Strike
2-2: Foul Ball, location: 2F
2-2: Foul Ball, location: 2F
2-2: SINGLE (Line Drive, 7S, EV 90.6 MPH)
Peter Faggard to second
Pinch Hitting: RHB Rick McGrath 0-0: Foul Ball, location: 2F
0-1: Grounds into double play, 5-4-3 (Groundball, 56, EV 108.8 MPH)
Top of the 5th over - 0 runs, 2 hits, 0 errors, 1 left on base; Wichita State University 3 - Clemson University 1
BOTTOM OF THE 5TH
Clemson University Tigers batting - Pitching for Wichita State University Shockers : RHP Jose del Castillo
Pitching: LHP John Schroeder
Now at C: Larry Hogue
Now in LF: Rick McGrath
Now in CF: Bryan Palmer
Now in RF: Byron Whitehead
Batting: RHB Willis Suarez 0-0: Ball
1-0: Ball
2-0: Ball
3-0: Called Strike
3-1: SINGLE (Flyball, 8RS, EV 93.1 MPH)
Batting: LHB Mario Nunez 0-0: Called Strike
0-1: Foul Ball, location: 2F
0-2: Foul Ball, location: 2F
0-2: Ball
1-2: Foul Ball, location: 2F
1-2: Ball
2-2: Foul Ball, location: 2F
2-2: Grounds into double play, 4-6-3 (Groundball, 4, EV 100.6 MPH)
Batting: RHB Josh LeSage 0-0: Called Strike
0-1: Called Strike
0-2: Foul Ball, location: 2F
0-2: Foul Ball, location: 2F
0-2: Ball
1-2: Ground out U3 (Groundball, 34S, EV 78.8 MPH)
Bottom of the 5th over - 0 runs, 1 hit, 0 errors, 0 left on base; Wichita State University 3 - Clemson University 1
TOP OF THE 6TH
Wichita State University Shockers batting - Pitching for Clemson University Tigers : RHP Joe Maid
Pitching: LHP Jonathan Hughes
Batting: RHB Jeff Grant 0-0: Foul Ball, location: 2F
0-1: Called Strike
0-2: Foul Ball, location: 2F
0-2: Ball
1-2: Ball
2-2: Ball
3-2: Base on Balls
Pinch Hitting: RHB Chad Starnes 0-0: Ball
1-0: Called Strike
1-1: SINGLE (Groundball, 56, EV 100.6 MPH)
Jeff Grant to second
Batting: LHB Kyle Lee 0-0: Ball
1-0: Ball
2-0: Bunt - Flyout to 2L! F2
Batting: RHB Jordan Carr 0-0: Reached on error, E4 (Groundball, 4, EV 88.8 MPH)
Jeff Grant to third
Chad Starnes to second
Batting: RHB Larry Hogue 0-0: Ball
1-0: Swinging Strike
1-1: Ball
2-1: Foul Ball, location: 2F
2-2: Ball
3-2: Fly out, F9 (Line Drive, 9, EV 108.8 MPH)
Runner from 3rd tags up, SCORES, throw by RF
Chad Starnes to third
Batting: RHB Byron Whitehead 0-0: Ball
1-0: Called Strike
1-1: Foul Ball, location: 2F
1-2: Strikes out swinging
Top of the 6th over - 1 run, 1 hit, 1 error, 2 left on base; Wichita State University 4 - Clemson University 1
BOTTOM OF THE 6TH
Clemson University Tigers batting - Pitching for Wichita State University Shockers : LHP John Schroeder
Pitching: RHP Paul McFarland
Now at 3B: Chad Starnes
Batting: RHB Marco Maggs 0-0: Swinging Strike
0-1: Foul Ball, location: 2F
0-2: Ball
1-2: Fly out, F7 (Flyball, 78S, EV 88.8 MPH)
Batting: RHB David Rhodes 0-0: Called Strike
0-1: Swinging Strike
0-2: Ball
1-2: Ball
2-2: Ball
3-2: SINGLE (Line Drive, 5D, EV 110.6 MPH)
Batting: LHB Steve Gates 0-0: Swinging Strike
0-1: Ball
1-1: Ball
2-1: Foul Ball, location: 2F
2-2: Ball
3-2: SINGLE (Line Drive, 6D, EV 96.2 MPH)
David Rhodes to second
Batting: RHB Jason Duncan 0-0: Ball
1-0: Grounds into double play, 6-4-3 (Groundball, 6, EV 106.2 MPH)
Bottom of the 6th over - 0 runs, 2 hits, 0 errors, 1 left on base; Wichita State University 4 - Clemson University 1
TOP OF THE 7TH
Wichita State University Shockers batting - Pitching for Clemson University Tigers : LHP Jonathan Hughes
Pitching: LHP Brian Anderson
Batting: SHB Peter Faggard 0-0: SINGLE (Line Drive, 8RS, EV 112.5 MPH)
Batting: RHB Bryan Palmer 0-0: Ball
1-0: Called Strike
1-1: Swinging Strike
1-2: Ball
2-2: Fly out, F7 (Flyball, 7, EV 91.9 MPH)
Batting: RHB Rick McGrath 0-0: Ball
1-0: Ball
2-0: Swinging Strike
2-1: Ball
3-1: Base on Balls
Peter Faggard to second
Batting: RHB Jeff Grant 0-0: Ball
1-0: Grounds into double play, 6-4-3 (Groundball, 6, EV 80.0 MPH)
Top of the 7th over - 0 runs, 1 hit, 0 errors, 1 left on base; Wichita State University 4 - Clemson University 1
BOTTOM OF THE 7TH
Clemson University Tigers batting - Pitching for Wichita State University Shockers : RHP Paul McFarland
Pitching: LHP Jacob Seymour
Batting: LHB George Jedinak 0-0: Ball
1-0: Ball
2-0: Called Strike
2-1: Foul Ball, location: 2F
2-2: Foul Ball, location: 2F
2-2: Foul Ball, location: 2F
2-2: Ball
3-2: Strikes out looking
Batting: RHB Jose Rolon 0-0: Swinging Strike
0-1: Fly out, F9 (Flyball, 89M, EV 87.5 MPH)
Batting: RHB Willis Suarez 0-0: Called Strike
0-1: Fly out, F8 (Flyball, 8RD, EV 93.8 MPH)
Bottom of the 7th over - 0 runs, 0 hits, 0 errors, 0 left on base; Wichita State University 4 - Clemson University 1
TOP OF THE 8TH
Wichita State University Shockers batting - Pitching for Clemson University Tigers : LHP Brian Anderson
Pitching: RHP Richard Clements
Batting: RHB Chad Starnes 0-0: Ball
1-0: Ball
2-0: Ball
3-0: Called Strike
3-1: Called Strike
3-2: Base on Balls
Pinch Hitting: RHB Alex Zeledon 0-0: Ball
1-0: Fielders Choice at 2nd, 4-6 (Groundball, 34, EV 86.2 MPH)
Batting: RHB Jordan Carr 0-0: Foul Ball, location: 2F
0-1: Called Strike
Alex Zeledon steals 2nd base (no throw)
0-2: Ball
1-2: Strikes out swinging
Batting: RHB Larry Hogue 0-0: Foul Ball, location: 2F
0-1: Foul Ball, location: 2F
0-2: Ball
1-2: Ball
2-2: Ground out 4-3 (Groundball, 4M, EV 87.5 MPH)
Top of the 8th over - 0 runs, 0 hits, 0 errors, 1 left on base; Wichita State University 4 - Clemson University 1
BOTTOM OF THE 8TH
Clemson University Tigers batting - Pitching for Wichita State University Shockers : LHP Jacob Seymour
Now at 2B: Alex Zeledon
Batting: LHB Mario Nunez 0-0: Ball
1-0: Ball
2-0: SINGLE (Groundball, P, EV 88.1 MPH) (infield hit)
Batting: RHB Josh LeSage 0-0: Swinging Strike
0-1: Foul Ball, location: 2F
0-2: Strikes out looking
Batting: RHB Marco Maggs 0-0: Foul Ball, location: 2F
0-1: 2-RUN HOME RUN (Flyball, 7LD, EV 98.8 MPH), Distance : 382 ft
Batting: RHB David Rhodes 0-0: Ball
1-0: Ground out 6-3 (Groundball, 56S, EV 83.8 MPH)
Batting: LHB Steve Gates 0-0: Called Strike
0-1: Foul Ball, location: 2F
0-2: Ball
1-2: Strikes out swinging
Bottom of the 8th over - 2 runs, 2 hits, 0 errors, 0 left on base; Wichita State University 4 - Clemson University 3
TOP OF THE 9TH
Wichita State University Shockers batting - Pitching for Clemson University Tigers : RHP Richard Clements
Pitching: RHP Dustin DeMent
Batting: RHB Byron Whitehead 0-0: Swinging Strike
0-1: Fly out, F9 (Flyball, 89M, EV 90.0 MPH)
Batting: SHB Peter Faggard 0-0: Fly out, F8 (Flyball, 8LD, EV 93.1 MPH)
Batting: RHB Bryan Palmer 0-0: Called Strike
0-1: Foul Ball, location: 2F
0-2: DOUBLE (Groundball, 5L, EV 110.6 MPH)
Pinch Runner at 2nd Marvin Coffey:
Batting: RHB Rick McGrath 0-0: Called Strike
0-1: Foul Ball, location: 2F
0-2: Strikes out swinging
Top of the 9th over - 0 runs, 1 hit, 0 errors, 1 left on base; Wichita State University 4 - Clemson University 3
BOTTOM OF THE 9TH
Clemson University Tigers batting - Pitching for Wichita State University Shockers : LHP Jacob Seymour
Pitching: LHP Ernesto Ruiz
Now in CF: Byron Whitehead
Now in RF: Marvin Coffey
Batting: RHB Jason Duncan 0-0: Swinging Strike
0-1: Ground out 6-3 (Groundball, 6, EV 85.0 MPH)
Batting: LHB George Jedinak 0-0: Ball
1-0: Swinging Strike
1-1: Ball
2-1: Foul Ball, location: 2F
2-2: Strikes out swinging
Batting: RHB Jose Rolon 0-0: Ball
1-0: Ball
2-0: Ball
3-0: Called Strike
3-1: Foul Ball, location: 2F
3-2: Foul Ball, location: 2F
3-2: Foul Ball, location: 2F
3-2: Base on Balls
Batting: RHB Willis Suarez 0-0: Ball
1-0: Ball
2-0: Foul Ball, location: 2F
2-1: Ball
3-1: Foul Ball, location: 2F
3-2: Base on Balls
Jose Rolon to second
Pitching: LHP Éric Duval
Batting: LHB Mario Nunez 0-0: Ball
1-0: Called Strike
1-1: Foul Ball, location: 2F
1-2: Ball
2-2: Ball
3-2: Foul Ball, location: 2F
3-2: Foul Ball, location: 2F
3-2: Ground out U3 (Groundball, 3L, EV 83.1 MPH)
Bottom of the 9th over - 0 runs, 0 hits, 0 errors, 2 left on base; Wichita State University 4 - Clemson University 3
Tuesday, March 28th , 2023 - OOTP Baseball 23.10 Build 110